 Dungeon Crawl Stone Soup version 0.19.1-1-g22dce08 (webtiles) character file.

995 Alarkh the Spear-Bearer (level 7, -1/52 HPs)
             Began as a Mummy Monk on Jan 3, 2017.
             Was a Believer of Okawaru.
             Slain by a gnoll sergeant
             ... wielding a +0 spear of flaming
              (3 damage)
             ... on level 5 of the Dungeon.
             The game lasted 00:15:37 (7316 turns).

Alarkh the Spear-Bearer (Mummy Monk)                Turns: 7316, Time: 00:15:38

Health: -1/52      AC:  6    Str: 14    XL:     7   Next: 99%
Magic:  5/7        EV: 12    Int: 11    God:    Okawaru [**....]
Gold:   399        SH:  0    Dex: 15    Spells: 0 memorised, 6 levels left

rFire  x . .     SeeInvis .     a - +1 spear
rCold  + . .     Gourm    .     l - +0 leather armour
rNeg   + + +     Faith    +     (no shield)
rPois  ∞         Spirit   .     h - +0 helmet
rElec  .         Reflect  .     (no cloak)
rCorr  .         Harm     .     g - +1 pair of gloves
MR     .....                    (no boots)
Stlth  ++........               i - amulet of faith
                                (no ring)
                                (no ring)

@: no status effects
A: no food or potions, fire vulnerability, cold resistance 1, negative energy
resistance 3, torment resistance, unbreathing
a: Heroism, Renounce Religion


You were on level 5 of the Dungeon.
You worshipped Okawaru.
Okawaru was pleased with you.
You were not hungry.

You visited 1 branch of the dungeon, and saw 5 of its levels.
You also visited: Sewer.

You collected 399 gold pieces.

Inventory:

Hand Weapons
 a - a +1 spear (weapon)
 d - a +1 dagger of protection
Armour
 b - a +0 robe
 g - a +1 pair of gloves (worn)
 h - a +0 helmet (worn)
 j - a +1 pair of gloves
 l - a +0 leather armour (worn)
Jewellery
 i - an amulet of faith (around neck)
Scrolls
 c - a scroll of magic mapping
 e - 2 scrolls of identify


   Skills:
 - Level 3.0 Fighting
 + Level 8.1 Polearms
 - Level 2.4 Dodging
 - Level 1.5 Stealth


You had 6 spell levels left.
You didn't know any spells.

Dungeon Overview and Level Annotations

Branches:
Dungeon (5/15)             Temple (0/1) D:4

Altars:
Kikubaaqudgha
Makhleb
Okawaru
Ru
Xom
Yredelemnul


Innate Abilities, Weirdness & Mutations

You do not eat or drink.
Your flesh is vulnerable to fire.
You are immune to poison.
Your flesh is cold resistant. (rC+)
You are immune to negative energy. (rN+++)
You are immune to unholy pain and torment.
You can survive without breathing.


Message History

Press: ? - help, Dir - move target cursor, f/p - gnoll sergeant
Aim: a gnoll sergeant, wielding a spear of flaming and wearing a scale mail (moderately wounded)
You reach to attack!
You puncture the gnoll sergeant!
The gnoll sergeant is heavily wounded.
The gnoll sergeant barely misses you.
Attack whom?
Press: ? - help, Dir - move target cursor, f/p - gnoll sergeant
Aim: a gnoll sergeant, wielding a spear of flaming and wearing a scale mail (heavily wounded)
You reach to attack!
You hit the gnoll sergeant.
The gnoll sergeant is severely wounded.
Attack whom?
Press: ? - help, Dir - move target cursor, f/p - gnoll sergeant
Aim: a gnoll sergeant, wielding a spear of flaming and wearing a scale mail (severely wounded)
You reach to attack!
You hit the gnoll sergeant.
The gnoll sergeant is almost dead.
You feel like a meek peon again.
The gnoll sergeant hits you from afar with a spear of flaming.
* * * LOW HITPOINT WARNING * * *
The gnoll sergeant burns you.
You die...

######## ##..<...#
........# ##......#
########## ####.###
#........# ##.#
#@)g.....# #..######
#..g.....#
######≈....##
####%#####
..###.≈.##..### #.<(#
..≈##≈≈####...###g)##
#≈≈≈#≈≈#.####......#
#≈≈≈#≈≈#.## #.g...##
#≈.≈#≈≈#..# #.##..#
#≈÷≈#≈.##.###.##.>###


You could see a gnoll sergeant and a gnoll.

Vanquished Creatures
  A sky beast (D:5)
  2 ogres
  2 scorpions (D:4)
  The ghost of dscm the Shield-Bearer, a weakling OpFi of the Shining One (D:4)
  2 hounds
  3 worker ants
  An orc wizard (D:5)
  2 sirens (Sewer)
  A merfolk avatar (Sewer)
  A hound skeleton (D:5)
  5 gnolls
  3 river rats (Sewer)
  15 adders
  An ooze (D:2)
  9 leopard geckos
  9 orcs
  12 giant cockroaches
  8 goblins
  6 hobgoblins
  6 jackals (D:1)
  4 quokkas
  5 ball pythons
  11 bats
  9 frilled lizards
  7 kobolds
  31 rats
157 creatures vanquished.

Notes
Turn   | Place    | Note
-------+----------+-------------------------------------------
     0 | D:1      | Alarkh the Mummy Monk began the quest for the Orb.
     0 | D:1      | Reached XP level 1. HP: 18/18 MP: 1/1
   194 | D:1      | Reached XP level 2. HP: 16/24 MP: 2/2
   330 | D:1      | Reached skill level 3 in Polearms
   825 | D:1      | Reached XP level 3. HP: 27/29 MP: 3/3
   957 | D:2      | Found a sacrificial altar of Ru.
   958 | D:2      | Found a shimmering altar of Xom.
  1009 | D:2      | Found a basalt altar of Yredelemnul.
  1557 | D:2      | Reached skill level 4 in Polearms
  1571 | D:2      | Reached XP level 4. HP: 26/35 MP: 4/4
  1805 | D:2      | Found a burning altar of Makhleb.
  2139 | D:4      | Noticed dscm's ghost (weakling OpFi)
  2512 | D:1      | Reached XP level 5. HP: 34/41 MP: 5/5
  2976 | D:3      | Reached skill level 5 in Polearms
  3038 | D:3      | Found a faded altar of an unknown god.
  3038 | D:3      | Found a faded altar of an unknown god.
  3049 | D:3      | Found an ancient bone altar of Kikubaaqudgha.
  3051 | D:3      | Found an iron altar of Okawaru.
  3052 | D:3      | Found a faded altar of an unknown god.
  3232 | D:3      | Became a worshipper of Warmaster Okawaru
  3232 | D:3      | Reached * piety under Okawaru
  3232 | D:3      | Reached ** piety under Okawaru
  3666 | D:5      | Entered Level 5 of the Dungeon
  3759 | D:5      | Found a glowing drain.
  3783 | Sewer    | Entered a sewer
  4043 | Sewer    | Reached XP level 6. HP: 38/47 MP: 3/6
  4509 | Sewer    | Reached skill level 6 in Polearms
  4717 | D:5      | Noticed a sky beast
  4878 | D:4      | Killed dscm's ghost
  5021 | D:4      | Found a staircase to the Ecumenical Temple.
  5194 | D:4      | Reached XP level 7. HP: 5/52 MP: 4/7
  5529 | D:4      | Reached skill level 7 in Polearms
  6751 | D:5      | Reached skill level 8 in Polearms
  7075 | D:5      | Reached *** piety under Okawaru
  7316 | D:5      | HP: 2/52 [gnoll sergeant/spear of flaming (4)]
  7316 | D:5      | Slain by a gnoll sergeant

Skill      XL: |  1  2  3  4  5  6  7 |
---------------+----------------------+-----
Polearms       | 3 4 5 6 8 |  8.1
Fighting       | |  3.0
Dodging        | |  2.4
Stealth        | |  1.5

Action                   |  1- 3 |  4- 6 |  7- 9 || total
-------------------------+-------+-------+-------++-------
Melee: Spear             |   215 |   601 |   257 ||  1073
       Dagger            |    18 |       |       ||    18
       Punch             |       |     1 |     1 ||     2
Invok: Heroism           |       |     4 |     6 ||    10
  Use: Scroll            |     5 |     9 |     4 ||    18
 Stab: Sleeping          |    11 |     8 |     1 ||    20
       Fleeing           |       |       |     1 ||     1
Armor: Robe              |    27 |       |       ||    27
       Leather armour    |    19 |   163 |    57 ||   239
Dodge: Dodged            |   141 |   248 |   106 ||   495
